General information
- name: BNet
- type: Ladder 1vs1/FFA
- host: Battle.net
- saver: ROTS19
map: TerenasStand
- players: 2
- length: 18:03
- speed: Fast
- version: 1.24 W3XP
- replay type: Public
» download(56 KB)
Players
team 1 (loser)
Ratstien (
teal | 61 APM | 1104 actions | 18:01)
3 Blademaster
2 Wind Walk
1 Critical Strike
1 Far Seer
1 Chain Lighting
» actions
| Basic commands | 41 | |
| Build / train | 56 | |
| Enter build submenu | 22 | |
| Enter hero's abilities submenu | 4 | |
| Right click | 438 | |
| Select / deselect | 464 | |
| Use ability | 79 | |
1104 total
» units
| Peon | 14 | |
| Grunt | 5 | |
| Troll Batrider | 5 | |
| Demolisher | 1 | |
| Shaman | 2 | |
| Tauren | 4 | |
31 total
» upgrades
| Armor | 1 | |
| Melee Weapons | 2 | |
| Shaman Training | 2 | |
5 total
» buildings
| Altar of Storms | 1 | |
| Orc Burrow | 5 | |
| Barracks | 1 | |
| Voodoo Lounge | 1 | |
| Stronghold | 1 | |
| War Mill | 1 | |
| Beastiary | 1 | |
| Great Hall | 1 | |
| Fortress | 1 | |
| Spirit Lodge | 1 | |
| Tauren Totem | 1 | |
| Watch Tower | 1 | |
16 total
» build order
00:05 Altar of Storms
00:09 Orc Burrow
00:50 Barracks
01:22 Orc Burrow
01:41 Voodoo Lounge
03:11 Stronghold
03:50 Orc Burrow
04:13 War Mill
05:37 Beastiary
06:42 Great Hall
07:15 Orc Burrow
09:23 Fortress
11:16 Spirit Lodge
12:15 Tauren Totem
12:52 Watch Tower
» items
| Healing Salve | 5 | |
| Lesser Clarity Potion | 3 | |
| Orb of Lightning | 1 | |
| Potion of Mana | 1 | |
| Scroll of Town Portal | 1 | |
| Potion of Healing | 1 | |
12 total
team 2 (winner)

»
ROTS19 (
pink | 70 APM | 1259 actions | 18:03)
4 Death Knight
2 Death Coil
2 Unholy Aura
3 Lich
2 Frost Nova
1 Dark Ritual
» actions
| Assign group hotkey | 29 | |
| Basic commands | 91 | |
| Build / train | 63 | |
| ESC pressed | 1 | |
| Enter build submenu | 15 | |
| Enter hero's abilities submenu | 7 | |
| Right click | 449 | |
| Select / deselect | 278 | |
| Select group hotkey | 263 | |
| Use ability | 63 | |
1259 total
» units
| Acolyte | 10 | |
| Ghoul | 4 | |
| Crypt Fiend | 9 | |
| Gargoyle | 1 | |
| Obsidian Statue | 5 | |
29 total
» upgrades
| Burrow | 1 | |
| Web | 1 | |
| Destroyer Form | 1 | |
| Creature Attack | 3 | |
6 total
» buildings
| Crypt | 1 | |
| Graveyard | 1 | |
| Altar of Darkness | 1 | |
| Ziggurat | 9 | |
| Tomb of Relics | 1 | |
| Nerubian Tower | 5 | |
| Spirit Tower | 3 | |
| Halls of the Dead | 2 | |
| Sacrificial Pit | 1 | |
| Slaughterhouse | 1 | |
| Black Citadel | 1 | |
26 total
» build order
00:19 Crypt
00:26 Graveyard
00:49 Altar of Darkness
01:00 Ziggurat
01:15 Tomb of Relics
01:53 Nerubian Tower
02:27 Ziggurat
02:43 Ziggurat
04:02 Spirit Tower
05:18 Halls of the Dead
05:18 Halls of the Dead
05:51 Ziggurat
06:28 Spirit Tower
07:04 Nerubian Tower
08:09 Sacrificial Pit
09:58 Slaughterhouse
10:17 Black Citadel
11:14 Ziggurat
12:09 Ziggurat
12:10 Ziggurat
12:12 Ziggurat
12:13 Ziggurat
12:45 Nerubian Tower
13:51 Nerubian Tower
13:53 Nerubian Tower
13:54 Spirit Tower
» items
| Rod of Necromancy | 1 | |
| Dust of Appearance | 4 | |
| Scroll of Town Portal | 1 | |
| Potion of Healing | 2 | |
8 total
Chat log
(00:07 / All) ROTS19: hi
(00:10 / All) ROTS19: i am noob
(00:39 / All) ROTS19: i haven't actually searched to play a 1v1 in many years
(00:52 / All) ROTS19: i mostly do 4s RT
(01:04 / All) ROTS19: so i figured
(01:08 / All) ROTS19: eh why not give this a go
(01:58 / All) ROTS19: it said you were orc
(02:03 / All) ROTS19: does that mean you're going to use a samurai
(02:12 / All) ROTS19: yes it does
(15:04 / All) ROTS19: you're pretty good